 Dungeon Crawl Stone Soup version 0.27.1 (webtiles) character file.

Game seed: 2714737532753899982

2898 Malachi the Grappler (level 9, -2/132 HPs)
             Began as a Troll Monk on Aug 25, 2021.
             Was an Elder of Cheibriados.
             Slain by an orc warrior (5 damage)
             ... on level 6 of the Dungeon.
             The game lasted 00:07:43 (4695 turns).

Malachi the Grappler (Troll Monk)                   Turns: 4695, Time: 00:07:43

Health: -2/132     AC: 24    Str: 33    XL:     9   Next: 49%
Magic:  12/12      EV:  1    Int: 15    God:    Cheibriados [****..]
Gold:   227        SH:  0    Dex: 21    Spells: 8/8 levels left

rFire    . . .     SeeInvis +     - Unarmed
rCold    . . .     Faith    .   (no shield)
rNeg     + + +     Spirit   .   (armour currently unavailable)
rPois    +         Reflect  .   (helmet currently unavailable)
rElec    .         Harm     .   (cloak currently unavailable)
rCorr    .         Rampage  .   (gloves unavailable)
Will     .....     NoTele   +   (boots unavailable)
Stlth    ++........             (no amulet)
HPRegen  1.32/turn              f - ring of see invisible
MPRegen  0.13/turn              h - ring of positive energy

@: mighty, tree-form, very slow
A: stationary, stasis, torment immunity, boosted hp, large, unfitting armour,
(claws 3), regeneration 1, (shaggy fur 1), (tough skin 1)
a: Renounce Religion, Bend Time, Temporal Distortion, Slouch


You were on level 6 of the Dungeon.
You worshipped Cheibriados.
Cheibriados was greatly pleased with you.
You were a tree.
You visited 1 branch of the dungeon, and saw 6 of its levels.

You collected 227 gold pieces.

Inventory:

Missiles
 c - a throwing net (quivered)
Armour
 a - a +0 robe (melded)
 b - a +1 cloak of poison resistance (melded)
Jewellery
 f - a ring of see invisible (left branch)
 h - a ring of positive energy (right branch)
Wands
 o - a wand of flame (22)
Scrolls
 g - a scroll of identify
 q - a scroll of blinking
Potions
 e - 2 potions of attraction


   Skills:
 + Level 5.2 Fighting
 - Level 2.4 Dodging
 - Level 1.0 Stealth
 - Level 10.0 Unarmed Combat
 * Level 6.5 Invocations


You had 8 spell levels left.
You didn't know any spells.
Your spell library contained the following spells:

 Spells                   Type           Power      Damage    Failure   Level
 Animate Skeleton         Necr           0%         N/A       26%         1
 Pain                     Necr           0%         1d4       26%         1
 Gell's Gravitas          Tloc           0%         N/A       63%         3
 Lesser Beckoning         Tloc           0%         N/A       63%         3
 Teleport Other           Tloc           0%         N/A       63%         3
 Vampiric Draining        Necr           0%         2d6       63%         3


Dungeon Overview and Level Annotations

Branches:
Dungeon (6/15)             Temple (0/1) D:6

Altars:
Cheibriados
Elyvilon
Makhleb
Okawaru
Vehumet
Wu Jian
Xom
Zin
The Shining One

Shops:
D:2 ![   D:4 **   D:5 *


Innate Abilities, Weirdness & Mutations

You are a tree.
Your roots penetrate the ground, keeping you stationary.
You cannot be teleported.
You are immune to unholy pain and torment.
Your maximum health is greatly increased.
Your equipment is partially melded.
You are too large for most types of armour.
((You have claws for hands.))
Your natural rate of healing is unusually fast.
((You are covered in fur. (AC +1)))
((You have tough skin. (AC +1)))


Message History

* * * LOW HITPOINT WARNING * * *
The kobold brigand hits you but does no damage.
You are confused.
You feel invigorated. The gnoll hits you but does no damage.
The kobold brigand hits you but does no damage.
The orc warrior hits you but does no damage.
You feel sick. The gnoll hits you but does no damage. The cyclops hits you!!
* * * LOW HITPOINT WARNING * * *
The kobold brigand hits you but does no damage.
The orc warrior hits you but does no damage.
You cannot move. (Use ctrl+direction or * direction to attack without moving.) Unknown command.
You cannot move. (Use ctrl+direction or * direction to attack without moving.)
You cannot move. (Use ctrl+direction or * direction to attack without moving.) Unknown command.
You are too confused!
Unknown command.
You feel better.
You feel less invigorated. The gnoll hits you but does no damage.
The cyclops hits you but does no damage.
The orc warrior hits you with a +0 short sword!
* * * LOW HITPOINT WARNING * * *
The kobold brigand hits you but does no damage.
You smack the cyclops!
The cyclops is moderately wounded.
The gnoll hits you but does no damage.
You pummel the cyclops!!
You kill the cyclops!
Cheibriados appreciates the change of pace.
The orc warrior hits you but does no damage.
The kobold brigand hits you but does no damage.
The gnoll hits you from afar with a +2 spear of venom.
* * * LOW HITPOINT WARNING * * *
Training target 10.0 for Unarmed Combat reached!
Your Fighting skill increases to level 5!
Your Unarmed Combat skill increases to level 10!
You hit the ogre.
The ogre is lightly wounded.
The orc warrior hits you with a +0 short sword.
You die...

#######++######
.........[.....
......)..).....
.....g..)......
......oKO)..... ##♣)##
#....####### +..(.'.....+
#....#######
#############''''#######
#.......................
###≈≈≈≈≈≈≈≈≈≈≈≈....≈≈≈≈≈≈≈
≈≈≈≈≈≈≈≈≈≈≈≈≈≈≈....≈≈≈≈≈≈≈
≈≈≈≈≈≈≈≈≈≈≈≈≈≈≈...)≈≈≈≈≈≈≈


You could see an orc warrior, a kobold brigand, an ogre and a gnoll.

Vanquished Creatures
  A cyclops (D:6)
  Sigmund (D:4)
  A water moccasin (D:5)
  2 ice beasts (D:5)
  2 orc warriors
  A necrophage (D:5)
  4 ogres (D:6)
  A centaur (D:5)
  2 phantoms (D:6)
  2 gnoll sergeants (D:6)
  3 scorpions
  2 water moccasin zombies (D:5)
  A howler monkey (D:6)
  A bullfrog zombie (D:5)
  5 hounds
  A jelly (D:6)
  Crazy Yiuf (D:4)
  7 orc priests
  A centaur skeleton (D:5)
  An iguana (D:5)
  An orc wizard (D:6)
  A killer bee zombie (D:5)
  10 gnolls
  5 adders
  2 ufetubi (D:5)
  A dart slug (D:2)
  17 orcs
  5 bats
  7 endoplasms
  4 giant cockroaches
  6 goblins
  6 hobgoblins
  8 jackals
  6 kobolds
  3 quokkas (D:1)
  9 ball pythons
  A frilled lizard (D:1)
  14 rats
146 creatures vanquished.

Vanquished Creatures (others)
  2 plants (D:1)
2 creatures vanquished.

Grand Total: 148 creatures vanquished

Notes
Turn   | Place    | Note
-------+----------+-------------------------------------------
     0 | D:1      | Malachi the Troll Monk began the quest for the Orb.
     0 | D:1      | Reached XP level 1. HP: 22/22 MP: 0/0
    78 | D:1      | Found a faded altar of an unknown god.
   100 | D:1      | Reached XP level 2. HP: 29/29 MP: 1/1
   389 | D:1      | Reached skill level 4 in Unarmed Combat
   457 | D:1      | Reached XP level 3. HP: 36/36 MP: 2/2
  1030 | D:2      | Reached XP level 4. HP: 19/44 MP: 3/3
  1071 | D:2      | Reached skill level 5 in Unarmed Combat
  1380 | D:2      | Found Weaviutu's Distillery.
  1481 | D:2      | Found Jistairo's Antique Armour Shop.
  1697 | D:2      | Identified a scroll of acquirement
  1697 | D:2      | Acquired a +1 cloak of poison resistance
  1719 | D:3      | Found a snail-covered altar of Cheibriados.
  1942 | D:3      | Reached XP level 5. HP: 50/50 MP: 4/4
  2122 | D:4      | Found Zin's Purification Station.
  2124 | D:4      | Found a glowing silver altar of Zin.
  2128 | D:4      | Found an ornate altar of the Wu Jian Council.
  2206 | D:4      | Found Ofept's General Store.
  2222 | D:4      | Noticed Sigmund
  2237 | D:4      | Killed Sigmund
  2238 | D:4      | Reached skill level 6 in Unarmed Combat
  2238 | D:4      | Reached XP level 6. HP: 55/59 MP: 5/5
  2431 | D:3      | Became a worshipper of Cheibriados the Contemplative
  2431 | D:3      | Reached * piety under Cheibriados
  2431 | D:3      | Reached ** piety under Cheibriados
  2599 | D:4      | Reached skill level 7 in Unarmed Combat
  2600 | D:4      | Found a white marble altar of Elyvilon.
  2632 | D:4      | Found a shimmering altar of Xom.
  2911 | D:4      | Found a runed translucent door.
  2912 | D:4      | Noticed Crazy Yiuf
  3044 | D:4      | Killed Crazy Yiuf
  3116 | D:5      | Entered Level 5 of the Dungeon
  3162 | D:5      | Found a burning altar of Makhleb.
  3192 | D:5      | Reached skill level 1 in Invocations
  3192 | D:5      | Found an iron altar of Okawaru.
  3203 | D:5      | Found Sicum's Serpentskin Sales.
  3204 | D:5      | Noticed a water moccasin
  3210 | D:5      | Killed a water moccasin
  3211 | D:5      | Reached XP level 7. HP: 64/66 MP: 5/7
  3299 | D:5      | Found a radiant altar of Vehumet.
  3497 | D:5      | Reached skill level 8 in Unarmed Combat
  3573 | D:5      | Found a glowing golden altar of the Shining One.
  3620 | D:5      | Reached XP level 8. HP: 75/75 MP: 9/9
  3956 | D:3      | Reached *** piety under Cheibriados
  4385 | D:6      | Reached skill level 9 in Unarmed Combat
  4397 | D:6      | Reached skill level 5 in Invocations
  4521 | D:6      | Found a staircase to the Ecumenical Temple.
  4617 | D:6      | Reached **** piety under Cheibriados
  4618 | D:6      | Reached XP level 9. HP: 78/85 MP: 12/12
  4669 | D:6      | Noticed a cyclops
  4692 | D:6      | HP: 5/127 [orc warrior (11)]
  4694 | D:6      | Killed a cyclops
  4694 | D:6      | HP: 1/127 [gnoll (6)]
  4695 | D:6      | Reached skill level 5 in Fighting
  4695 | D:6      | Reached skill level 10 in Unarmed Combat
  4695 | D:6      | Slain by an orc warrior

Illustrated notes

Levels and vault maps discovered:
D:1:      kennysheep_arrival_seaside, layout_loops_cross,
          shapermc_ecumenical_altar_acropolis, chequers_big_river,
          minmay_rat_gold_closets
D:2:      layout_loops_ring, serial_shops, shop, shop_fountains
D:3:      layout_basic, nicolae_overflow_hidden_temple
D:4:      layout_loops_ring, zin_purify, mainiacjoe_overflow_two_lobes,
          mainiacjoe_overflow_concentric_impassable, serial_shops,
          kennysheep_mini, uniq_crazy_yiuf_cottage, uniq_sigmund
D:5:      cheibrodos_helix_gallery, layout_loops_ring, bloody_makhleb,
          lemuel_tele_altar, okawaru_ov_weapons_minmay,
          nicolae_vehumet_altar_sigil, minmay_misc_feat_ornament,
          guppyfry_shop_venom
D:6:      lemuel_castle_with_subvaults [lemuel_castle_interior_original],
          layout_rooms, minmay_temple_entry_junction, fountainhead

Skill      XL: |  1  2  3  4  5  6  7  8  9 |
---------------+----------------------------+-----
Unarmed Combat | 4 5 6 7 8 9 10 | 10.0
Invocations    | 1 3 5 6 |  6.5
Fighting       | 3 4 5 |  5.2
Dodging        | |  2.4
Stealth        | |  1.0

Action                   |  1- 3 |  4- 6 |  7- 9 || total
-------------------------+-------+-------+-------++-------
Melee: Unarmed           |    69 |   138 |   179 ||   386
       Punch             |     1 |     2 |    10 ||    13
Invok: Bend Time         |       |       |     1 ||     1
       Slouch            |       |       |     1 ||     1
  Use: Scroll            |     1 |     8 |     4 ||    13
       Potion            |       |       |     6 ||     6
 Stab: Sleeping          |     3 |     3 |     3 ||     9
       Distracted        |       |     1 |       ||     1
Armor: Robe              |    28 |    50 |    64 ||   142
       Skin              |       |       |    47 ||    47
Dodge: Dodged            |    30 |    63 |   103 ||   196
